Map: Alcyone LE

Players

Cutie

  • Race: Terran Terran
  • League: Diamond
  • Spawn Location: 7:00

A.I. 1 (Very Easy) - Winner!

  • Race: Protoss Protoss
  • Spawn Location: 1:00

VOD

Have the link to the VOD?

Description

Time

  • Played on: Sept. 22, 2024, 6:43 p.m.
  • Length: 8:03
Show
View Real Time Build Order
Export as new Build Order

Cutie Terran 

Build Orders: Reaper Expand 

Get SALT Encoding   

  12  0:00  SCV  
  13  0:12  SCV  
  14  0:17  Supply Depot  
  14  0:24  SCV  
  15  0:39  SCV  
  15  0:41  Barracks  
  16  0:43  Refinery  
  16  0:51  SCV  
  17  1:03  SCV  
  18  1:15  SCV  
  19  1:27  Reaper  
  19  1:28  Orbital Command  
  20  1:38  Command Center  
  20  1:45  Supply Depot  
  20  1:54  SCV  
  21  1:59  Marine  
  22  2:06  SCV  
  22  2:07  Factory  
  23  2:11  Bunker  
  23  2:18  SCV  
  23  2:19  Barracks Reactor  
  24  2:24  Refinery  
  24  2:30  SCV  
  25  2:42  SCV  
  26  2:52  Starport  
  26  2:53  Orbital Command  
  26  2:54  SCV  
  26  2:56  Marine x2  
  26  2:57  Factory Tech Lab  
  29  3:07  SCV  
  30  3:13  Marine x2  
  30  3:19  SCV, Barracks  
  33  3:21  Siege Tank  
  33  3:25  SCV  
  37  3:30  Starport Tech Lab  
  37  3:31  Marine x2  
  39  3:46  SCV x2, Barracks  
  41  3:49  Marine x2  
  41  3:52  Raven  
  45  3:57  Supply Depot  
  45  3:58  Supply Depot  
  45  3:59  SCV  
  46  4:04  SCV  
  47  4:11  SCV  
  47  4:15  Marine x2  
  47  4:16  SCV  
  51  4:17  Siege Tank  
  51  4:20  Engineering Bay  
  51  4:21  Refinery  
  51  4:23  SCV  
  55  4:32  SCV  
  55  4:36  SCV  
  57  4:39  Stimpack  
  57  4:44  SCV  
  58  4:46  Refinery  
  58  4:48  SCV  
  59  4:56  Terran Infantry Weapons Level 1, SCV  
  59  4:59  Marauder, Marine x2  
  64  5:00  SCV  
  64  5:02  Marauder  
  64  5:03  Starport Reactor  
  67  5:08  SCV  
  67  5:12  SCV, Supply Depot  
  67  5:13  Factory Reactor  
  69  5:18  Combat Shield  
  69  5:21  SCV  
  70  5:34  SCV x2, Command Center, Marauder x2  
  76  5:42  Supply Depot  
  76  5:45  Medivac  
  78  6:03  SCV x2, Marine  
  78  6:04  Widow Mine x2, Supply Depot  
  85  6:05  Supply Depot  
  85  6:17  Barracks  
  85  6:18  Barracks  
  85  6:26  Widow Mine x2, Marauder x2, Medivac x2  
  85  6:27  Missile Turret  
  85  6:32  Supply Depot  
  97  6:33  Supply Depot, Marine  
  97  6:34  Marine  
  99  6:40  Engineering Bay  
  99  6:46  Armory  
  99  6:47  Marauder x2  
  103  6:55  Supply Depot  
  103  6:57  Supply Depot  
  103  6:59  Concussive Shells  
  103  7:01  Widow Mine  
  105  7:04  Medivac  
  107  7:09  Marauder  
  109  7:15  Orbital Command  
  109  7:18  SCV x2  
  109  7:22  Supply Depot  
  110  7:26  Barracks Tech Lab  
  110  7:28  Barracks Reactor  
  110  7:30  SCV x2, Marauder, Marine  
  110  7:32  Widow Mine  
  117  7:42  SCV x3  
Show
View Real Time Build Order
Export as new Build Order

A.I. 1 (Very Easy) Protoss - Winner!

Build Orders: 1 Gate Expand, Nexus First 

Get SALT Encoding   

  12  0:00  Probe  
  13  0:13  Probe  
  14  0:19  Pylon  
  14  0:42  Gateway  
  14  1:00  Nexus  
  14  1:19  Pylon  
  14  1:21  Zealot  
  14  1:23  Assimilator  
  16  1:35  Cybernetics Core  
  16  1:37  Probe  
  17  1:50  Probe  
  18  1:59  Probe  
  18  2:00  Assimilator  
  18  2:08  Probe  
  19  2:13  Stalker  
  19  2:14  Probe  
  22  2:16  Warp Gate  
  22  2:22  Probe  
  23  2:26  Probe  
  25  2:38  Probe  
  26  2:48  Probe  
  26  2:51  Assimilator  
  27  2:53  Pylon  
  27  2:55  Probe  
  28  3:03  Probe  
  29  3:10  Probe  
  30  3:15  Probe  
  30  3:17  Robotics Facility  
  31  3:24  Probe  
  31  3:25  Adept  
  34  3:27  Probe  
  35  3:38  Probe  
  36  3:45  Probe  
  37  3:53  Probe  
  38  4:00  Probe  
  38  4:02  Observer  
  39  4:07  Probe  
  41  4:13  Assimilator, Probe  
  41  4:14  Observer  
  42  4:22  Probe  
  44  4:25  Probe  
  45  4:33  Pylon  
  45  4:36  Probe  
  45  4:37  Sentry  
  48  4:43  Probe  
  49  4:50  Probe  
  50  7:24  Observer  
  50  7:39  Zealot  
  44  7:56  Pylon  
Tags
 
Add a new tag
Caveats
  • Supply blocks, unpowered buildings, or Contaminate may cause inaccurate times.
  • Supply counts are checked every 10 seconds.